 Dungeon Crawl Stone Soup version 0.21.1-1-g345015f (webtiles) character file.

254 zishaf the Digger (level 6, -5/32 HPs)
             Began as a Gargoyle Earth Elementalist on May 15, 2018.
             Slain by bnns's ghost (7 damage)
             ... on level 4 of the Dungeon.
             The game lasted 00:08:27 (4391 turns).

zishaf the Digger (Gargoyle Earth Elementalist)     Turns: 4391, Time: 00:08:28

Health: -5/32      AC:  8    Str:  8 (11) XL:     6   Next: 14%
Magic:  1/12       EV: 11    Int: 15 (18) God:
Gold:   155        SH:  0    Dex: 10 (12) Spells: 9/13 levels left

rFire    . . .     SeeInvis .   s - +0 mace
rCold    . . .     Gourm    .   (no shield)
rNeg     + . .     Faith    .   o - +0 leather armour
rPois    ∞         Spirit   .   (no helmet)
rElec    +         Reflect  .   t - +0 cloak
rCorr    .         Harm     .   (no gloves)
MR       .....                  (no boots)
Stlth    +++.......             x - amulet of inaccuracy (curse)
HPRegen  0.10/turn              g - ring of stealth
MPRegen  0.13/turn              v - +2 ring of dexterity

@: flying
A: negative energy resistance 1, electricity resistance, unbreathing,
petrification resistance, rot immunity, AC +4
a: no special abilities


You were on level 4 of the Dungeon.
You were not hungry.

You visited 1 branch of the dungeon, and saw 4 of its levels.

You collected 155 gold pieces.

Inventory:

Hand Weapons
 s - a +0 mace (weapon)
 y - a +0 flail
Missiles
 b - 110 stones (quivered)
Armour
 o - a +0 leather armour (worn)
 t - a +0 cloak (worn)
Jewellery
 g - a ring of stealth (left hand)
 q - an uncursed ring of flight
 v - a +2 ring of dexterity (right hand)
 x - a cursed amulet of inaccuracy (around neck)
Wands
 c - a wand of digging (10)
Scrolls
 a - 6 scrolls of identify {unknown}
 f - 2 scrolls of enchant armour {unknown}
 h - a scroll of remove curse {unknown}
 i - 2 scrolls of amnesia {unknown}
 j - a scroll of fear {unknown}
 k - a scroll of blinking {unknown}
 n - a scroll of teleportation {unknown}
 u - a scroll of immolation {unknown}
Potions
 m - 2 potions of curing
 p - a potion of brilliance {unknown}
Books
 e - a book of Geomancy

   Spells                             Type                      Level
   a - Sandblast                      Earth                        1
   b - Passwall                       Transmutation/Earth          2
   c - Stone Arrow                    Conjuration/Earth            3
   d - Petrify                        Transmutation/Earth          4
   e - Lee's Rapid Deconstruction     Earth                        5
Comestibles
 d - 12 rations
 z - 11 chunks of flesh


   Skills:
 + Level 2.0 Maces & Flails
 - Level 1.5 Dodging
 - Level 2.1 Stealth
 * Level 4.0 Spellcasting
   Level 0.7 Transmutations
 * Level 5.9 Earth Magic


You had 9 spell levels left.
You knew the following spells:

 Your Spells              Type           Power        Failure   Level  Hunger
a - Sandblast             Erth           ###...       2%          1    None
b - Stone Arrow           Conj/Erth      ##....       24%         3    ###....


Dungeon Overview and Level Annotations

Branches:
Dungeon (4/15)
 Temple: D:4-7

Altars:
Uskayaw

Annotations:
D:4 bnns's ghost, novice GnTm


Innate Abilities, Weirdness & Mutations

You are resistant to torment.
Your stone body is resilient. (AC +4)
You are immune to poison.
You resist negative energy. (rN+)
You are resistant to electric shocks. (rElec)
You can survive without breathing.
You are immune to petrification.
You are immune to rotting.


Message History

Confirm with . or Enter, or press ? or * to list all spells.
Aiming: Sandblast
Press: ? - help, Shift-Dir - straight line, f/p - bnns's ghost
Aim: bnns's ghost (severely damaged)
The blast of sand hits bnns's ghost.
Bnns's ghost is severely damaged.
b - 110 stones Bnns's ghost hits you.
* * * LOW HITPOINT WARNING * * *
It was a potion of degeneration.
There was something very wrong with that liquid.
You feel weakened.
You feel dopey.
You feel clumsy. Bnns's ghost barely misses you.
It was a potion of cancellation.
You feel magically purged. Bnns's ghost hits you.
* * * LOW HITPOINT WARNING * * *
It was a potion of flight.
You feel very buoyant.
You fly up into the air.
Bnns's ghost hits you!
You die...

........#...#....#....####...#.
######'#...........#.####...##
#......)#'#........#....'...'.
#.......#g#.###....######...#.
+..<[...#.#.###..(............
#.......#....g..g....#.######.
#.......###..........#.# #.
#.......############.#.####.#.
######......W@.........#......
###############.####.#.#. #.#
#.#. #.# # #. #. #. ##


You could see bnns's ghost.

Vanquished Creatures
  A hound (D:4)
  Crazy Yiuf (D:2)
  A gnoll shaman (D:4)
  Terence (D:3)
  4 adders
  5 gnolls
  A worm (D:2)
  A dart slug (D:3)
  2 leopard geckos
  3 giant cockroaches
  6 hobgoblins
  2 jackals (D:2)
  2 quokkas
  5 bats
  4 frilled lizards (D:1)
  7 goblins
  8 kobolds
  9 rats
63 creatures vanquished.

Vanquished Creatures (others)
  A withered plant (D:4)
1 creature vanquished.

Grand Total: 64 creatures vanquished

Notes
Turn   | Place    | Note
-------+----------+-------------------------------------------
     0 | D:1      | zishaf the Gargoyle Earth Elementalist began the quest for the Orb.
     0 | D:1      | Reached XP level 1. HP: 10/10 MP: 3/3
   650 | D:1      | Reached XP level 2. HP: 15/15 MP: 0/5
   666 | D:1      | Reached skill level 4 in Earth Magic
  1341 | D:1      | Reached XP level 3. HP: 13/19 MP: 6/6
  2373 | D:2      | Found a runed door.
  2775 | D:2      | Noticed Crazy Yiuf
  2780 | D:2      | Killed Crazy Yiuf
  2780 | D:2      | Reached skill level 1 in Maces & Flails
  2780 | D:2      | Reached XP level 4. HP: 24/24 MP: 3/8
  2861 | D:3      | Noticed Terence
  2870 | D:3      | Killed Terence
  2870 | D:3      | Reached skill level 5 in Earth Magic
  2932 | D:3      | Learned a level 3 spell: Stone Arrow
  3033 | D:3      | Found a hide-covered altar of Uskayaw.
  3157 | D:3      | Reached XP level 5. HP: 14/28 MP: 10/10
  4265 | D:4      | Reached XP level 6. HP: 32/32 MP: 7/11
  4302 | D:4      | Noticed bnns's ghost (novice GnTm)
  4391 | D:4      | Slain by bnns's ghost

Skill      XL: |  1  2  3  4  5  6 |
---------------+-------------------+-----
Earth Magic    | 4 5 |  5.9
Maces & Flails | 1 2 |  2.0
Spellcasting   | 3 4 |  4.0
Dodging        | |  1.5
Stealth        | |  2.1
Transmutations | |  0.7

Action                   |  1- 3 |  4- 6 || total
-------------------------+-------+-------++-------
Melee: Unarmed           |     9 |       ||     9
       Club              |    92 |       ||    92
       Dagger            |    22 |       ||    22
       Mace              |       |    54 ||    54
 Cast: Sandblast         |    32 |    40 ||    72
       Stone Arrow       |       |     2 ||     2
  Use: Potion            |       |     4 ||     4
 Stab: Sleeping          |     6 |     5 ||    11
  Eat: Chunk             |     5 |     3 ||     8
       Ration            |     1 |       ||     1
Armor: Robe              |    47 |       ||    47
       Leather armour    |       |    38 ||    38
Dodge: Dodged            |   110 |    56 ||   166
